| TOP OF THE 1ST |
|
Vermont Lake Monsters batting - Pitching for Hudson Valley Renegades : LHP Julian Roe
|
|
Pitching: LHP Julian Roe
|
|
|
Batting: RHB Carlos Martinez
|
0-0: Called Strike 0-1: Called Strike 0-2: Foul Ball, location: 2F 0-2: Ground out 4-3 (Groundball, 4S, EV 71.2 MPH)
|
|
Batting: RHB Mario Ramos
|
0-0: Called Strike 0-1: Ball 1-1: Called Strike 1-2: Strikes out swinging
|
|
Batting: RHB Edgar Landim
|
0-0: Ball 1-0: Foul Ball, location: 2F 1-1: Hit by Pitch
|
|
Batting: RHB Manny Vizzerra
|
0-0: Called Strike 0-1: Fly out, F9 (Flyball, 9LM, EV 90.6 MPH)
|
| Top of the 1st over - 0 runs, 0 hits, 0 errors, 1 left on base; Vermont 0 - Hudson Valley 0 |
| BOTTOM OF THE 1ST |
|
Hudson Valley Renegades batting - Pitching for Vermont Lake Monsters : LHP Jeff Troxel
|
|
Pitching: LHP Jeff Troxel
|
|
|
Batting: RHB Eric Narrow
|
0-0: Ball 1-0: Foul Ball, location: 2F 1-1: Called Strike 1-2: Strikes out swinging
|
|
Batting: RHB Azedine Kirui
|
0-0: Ball 1-0: Ball 2-0: SINGLE (Groundball, 34D, EV 110.6 MPH)
|
|
Batting: RHB Isaiah Easter
|
0-0: Called Strike 0-1: Foul Ball, location: 2F 0-2: Foul Ball, location: 2F 0-2: Strikes out swinging
|
|
Batting: RHB Kevin Kush
|
0-0: Swinging Strike 0-1: Foul Ball, location: 2F 0-2: Foul Ball, location: 2F 0-2: Ball 1-2: Foul Ball, location: 2F 1-2: Strikes out swinging
|
| Bottom of the 1st over - 0 runs, 1 hit, 0 errors, 1 left on base; Vermont 0 - Hudson Valley 0 |
| TOP OF THE 2ND |
|
Vermont Lake Monsters batting - Pitching for Hudson Valley Renegades : LHP Julian Roe
|
|
Batting: RHB Bastiaan Leenders
|
0-0: Called Strike 0-1: Ball 1-1: SINGLE (Groundball, 4M, EV 106.2 MPH) (infield hit)
|
|
Batting: RHB Fathi Addae
|
0-0: Called Strike 0-1: Ball 1-1: Called Strike Bastiaan Leenders steals 2nd base 1-2: Ground out 4-3 (Groundball, 4, EV 78.8 MPH) Bastiaan Leenders to third
|
|
Batting: RHB D.J. Torres
|
0-0: Ball 1-0: Ball 2-0: Foul Ball, location: 2F 2-1: Foul Ball, location: 2F 2-2: Foul Ball, location: 2F 2-2: Strikes out swinging
|
|
Batting: LHB Mario Cardona
|
0-0: Foul Ball, location: 2F 0-1: Foul Ball, location: 2F 0-2: Strikes out swinging
|
| Top of the 2nd over - 0 runs, 1 hit, 0 errors, 1 left on base; Vermont 0 - Hudson Valley 0 |
| BOTTOM OF THE 2ND |
|
Hudson Valley Renegades batting - Pitching for Vermont Lake Monsters : LHP Jeff Troxel
|
|
Batting: RHB Wil Urban
|
0-0: Ball 1-0: Called Strike 1-1: Foul Ball, location: 2F 1-2: Ball 2-2: Ball 3-2: Base on Balls
|
|
Batting: RHB Nelle Lommen
|
0-0: Ball 1-0: Ball 2-0: Ball 3-0: Called Strike 3-1: Base on Balls Wil Urban to second
|
|
Batting: RHB Evan Chalarian
|
0-0: Fly out, F4 (Popup, 4S, EV 80.6 MPH)
|
|
Batting: SHB Josif Popovski
|
0-0: Foul Ball, location: 2F 0-1: Ball 1-1: Grounds into double play, 4-6-3 (Groundball, 4, EV 100.6 MPH)
|
| Bottom of the 2nd over - 0 runs, 0 hits, 0 errors, 1 left on base; Vermont 0 - Hudson Valley 0 |
| TOP OF THE 3RD |
|
Vermont Lake Monsters batting - Pitching for Hudson Valley Renegades : LHP Julian Roe
|
|
Batting: RHB Brian Callaghan
|
0-0: Called Strike 0-1: Fly out, F5 (Line Drive, 5L, EV 68.1 MPH)
|
|
Batting: RHB Carlos Martinez
|
0-0: Foul Ball, location: 2F 0-1: Ball 1-1: Swinging Strike 1-2: Ball 2-2: Strikes out looking
|
|
Batting: RHB Mario Ramos
|
0-0: Ball 1-0: Fly out, F7 (Flyball, 78M, EV 90.0 MPH)
|
| Top of the 3rd over - 0 runs, 0 hits, 0 errors, 0 left on base; Vermont 0 - Hudson Valley 0 |
| BOTTOM OF THE 3RD |
|
Hudson Valley Renegades batting - Pitching for Vermont Lake Monsters : LHP Jeff Troxel
|
|
Batting: RHB Jesus Carrillo
|
0-0: Foul Ball, location: 2F 0-1: Ball 1-1: Swinging Strike 1-2: Ball 2-2: Strikes out swinging
|
|
Batting: RHB Eric Narrow
|
0-0: Ball 1-0: Foul Ball, location: 2F 1-1: SINGLE (Groundball, 56S, EV 72.5 MPH) (infield hit)
|
|
Batting: RHB Azedine Kirui
|
0-0: Ball 1-0: Ball 2-0: Fly out, F5 (Line Drive, 5L, EV 61.2 MPH)
|
|
Batting: RHB Isaiah Easter
|
0-0: Ball 1-0: Foul Ball, location: 2F 1-1: Foul Ball, location: 2F 1-2: Ball 2-2: Strikes out looking
|
| Bottom of the 3rd over - 0 runs, 1 hit, 0 errors, 1 left on base; Vermont 0 - Hudson Valley 0 |
| TOP OF THE 4TH |
|
Vermont Lake Monsters batting - Pitching for Hudson Valley Renegades : LHP Julian Roe
|
|
Batting: RHB Edgar Landim
|
0-0: Called Strike 0-1: SOLO HOME RUN (Flyball, 7D, EV 101.9 MPH), Distance : 378 ft
|
|
Batting: RHB Manny Vizzerra
|
0-0: Foul Ball, location: 2F 0-1: Ball 1-1: Called Strike 1-2: Strikes out swinging
|
|
Batting: RHB Bastiaan Leenders
|
0-0: Ball 1-0: Ball 2-0: Foul Ball, location: 2F 2-1: Ball 3-1: Ground out U3 (Groundball, 34, EV 86.9 MPH)
|
|
Batting: RHB Fathi Addae
|
0-0: Called Strike 0-1: Ground out 4-3 (Groundball, 4M, EV 108.8 MPH)
|
| Top of the 4th over - 1 run, 1 hit, 0 errors, 0 left on base; Vermont 1 - Hudson Valley 0 |
| BOTTOM OF THE 4TH |
|
Hudson Valley Renegades batting - Pitching for Vermont Lake Monsters : LHP Jeff Troxel
|
|
Batting: RHB Kevin Kush
|
0-0: Called Strike 0-1: Called Strike 0-2: Strikes out swinging
|
|
Batting: RHB Wil Urban
|
0-0: Ball 1-0: Swinging Strike 1-1: Foul Ball, location: 2F 1-2: Ball 2-2: Strikes out swinging
|
|
Batting: RHB Nelle Lommen
|
0-0: Ball 1-0: Called Strike 1-1: Fly out, F9 (Line Drive, 89M, EV 86.2 MPH)
|
| Bottom of the 4th over - 0 runs, 0 hits, 0 errors, 0 left on base; Vermont 1 - Hudson Valley 0 |
| TOP OF THE 5TH |
|
Vermont Lake Monsters batting - Pitching for Hudson Valley Renegades : LHP Julian Roe
|
|
Batting: RHB D.J. Torres
|
0-0: Ball 1-0: Called Strike 1-1: Ball 2-1: Ball 3-1: Called Strike 3-2: Strikes out swinging
|
|
Batting: LHB Mario Cardona
|
0-0: Ball 1-0: Called Strike 1-1: Ground out 4-3 (Groundball, 4, EV 91.2 MPH)
|
|
Batting: RHB Brian Callaghan
|
0-0: Ground out 6-3 (Groundball, 56, EV 101.2 MPH)
|
| Top of the 5th over - 0 runs, 0 hits, 0 errors, 0 left on base; Vermont 1 - Hudson Valley 0 |
| BOTTOM OF THE 5TH |
|
Hudson Valley Renegades batting - Pitching for Vermont Lake Monsters : LHP Jeff Troxel
|
|
Batting: RHB Evan Chalarian
|
0-0: Ball 1-0: Swinging Strike 1-1: Foul Ball, location: 2F 1-2: Ground out 4-3 (Groundball, 4M, EV 83.1 MPH)
|
|
Batting: SHB Josif Popovski
|
0-0: Ball 1-0: Ball 2-0: Foul Ball, location: 2F 2-1: Ball 3-1: Base on Balls
|
|
Batting: RHB Jesus Carrillo
|
0-0: Ball Josif Popovski steals 2nd base (no throw) 1-0: Swinging Strike 1-1: Swinging Strike 1-2: Foul Ball, location: 2F 1-2: SINGLE (Groundball, 56D, EV 103.8 MPH) Josif Popovski to third Runner from 3rd tries for Home, SAFE, throw by LF to home
|
|
Batting: RHB Eric Narrow
|
0-0: Called Strike 0-1: Ball 1-1: Foul Ball, location: 2F 1-2: Fly out, F3 (Popup, 3F, EV 76.9 MPH)
|
|
Batting: RHB Azedine Kirui
|
0-0: SINGLE (Line Drive, 78M, EV 106.2 MPH) Jesus Carrillo to second
|
|
Batting: RHB Isaiah Easter
|
0-0: Ball 1-0: Ball 2-0: Fly out, F9 (Flyball, 89M, EV 88.8 MPH)
|
| Bottom of the 5th over - 1 run, 2 hits, 0 errors, 2 left on base; Vermont 1 - Hudson Valley 1 |
| TOP OF THE 6TH |
|
Vermont Lake Monsters batting - Pitching for Hudson Valley Renegades : LHP Julian Roe
|
|
Batting: RHB Carlos Martinez
|
0-0: Ball 1-0: Ground out 6-3 (Groundball, 6, EV 101.9 MPH)
|
|
Batting: RHB Mario Ramos
|
0-0: Called Strike 0-1: Ball 1-1: Swinging Strike 1-2: Ball 2-2: Strikes out swinging
|
|
Batting: RHB Edgar Landim
|
0-0: Called Strike 0-1: Ground out 4-3 (Groundball, 4S, EV 86.9 MPH)
|
| Top of the 6th over - 0 runs, 0 hits, 0 errors, 0 left on base; Vermont 1 - Hudson Valley 1 |
| BOTTOM OF THE 6TH |
|
Hudson Valley Renegades batting - Pitching for Vermont Lake Monsters : LHP Jeff Troxel
|
|
Batting: RHB Kevin Kush
|
0-0: Ball 1-0: Ball 2-0: Ground out 6-3 (Groundball, 6, EV 90.0 MPH)
|
|
Batting: RHB Wil Urban
|
0-0: Swinging Strike 0-1: Ball 1-1: Swinging Strike 1-2: Strikes out swinging
|
|
Batting: RHB Nelle Lommen
|
0-0: Ball 1-0: Foul Ball, location: 2F 1-1: Foul Ball, location: 2F 1-2: Ball 2-2: Ball 3-2: Foul Ball, location: 2F 3-2: Strikes out swinging
|
| Bottom of the 6th over - 0 runs, 0 hits, 0 errors, 0 left on base; Vermont 1 - Hudson Valley 1 |
| TOP OF THE 7TH |
|
Vermont Lake Monsters batting - Pitching for Hudson Valley Renegades : LHP Julian Roe
|
|
Pitching: RHP Juan Estrella
|
|
|
Batting: RHB Manny Vizzerra
|
0-0: Ball 1-0: Foul Ball, location: 2F 1-1: Foul Ball, location: 2F 1-2: Hit by Pitch
|
|
Batting: RHB Bastiaan Leenders
|
0-0: Called Strike 0-1: Ground out 4-3 (Groundball, 4S, EV 65.6 MPH) Manny Vizzerra to second
|
|
Batting: RHB Fathi Addae
|
0-0: Called Strike 0-1: Fly out, F8 (Flyball, 8RM, EV 84.4 MPH)
|
|
Batting: RHB D.J. Torres
|
0-0: Foul Ball, location: 2F 0-1: Ball 1-1: Foul Ball, location: 2F 1-2: Ground out 5-3 (Groundball, 56, EV 85.0 MPH)
|
| Top of the 7th over - 0 runs, 0 hits, 0 errors, 1 left on base; Vermont 1 - Hudson Valley 1 |
| BOTTOM OF THE 7TH |
|
Hudson Valley Renegades batting - Pitching for Vermont Lake Monsters : LHP Jeff Troxel
|
|
Batting: RHB Evan Chalarian
|
0-0: Ball 1-0: Ball 2-0: Called Strike 2-1: Ball 3-1: Foul Ball, location: 2F 3-2: Base on Balls
|
|
Pitching: LHP Craig Poor
|
|
|
Batting: SHB Josif Popovski
|
0-0: Bunted foul 0-1: Bunt missed! 0-2: Ball 1-2: Fly out, F7 (Line Drive, 7S, EV 91.9 MPH)
|
|
Batting: RHB Jesus Carrillo
|
0-0: Ball 1-0: Called Strike 1-1: Ball 2-1: Swinging Strike 2-2: Fly out, F8 (Flyball, 78D, EV 106.2 MPH)
|
|
Batting: RHB Eric Narrow
|
0-0: Ball Evan Chalarian steals 2nd base 1-0: Ball 2-0: Ball 3-0: Called Strike 3-1: Called Strike 3-2: SINGLE (Groundball, 4MS, EV 65.0 MPH) (infield hit) Evan Chalarian to third
|
|
Batting: RHB Azedine Kirui
|
0-0: Ball 1-0: Fly out, F6 (Popup, 6, EV 62.5 MPH)
|
| Bottom of the 7th over - 0 runs, 1 hit, 0 errors, 2 left on base; Vermont 1 - Hudson Valley 1 |
| TOP OF THE 8TH |
|
Vermont Lake Monsters batting - Pitching for Hudson Valley Renegades : RHP Juan Estrella
|
|
Batting: LHB Mario Cardona
|
0-0: Ball 1-0: Ball 2-0: Called Strike 2-1: Foul Ball, location: 2F 2-2: Fly out, F4 (Flyball, 4MD, EV 90.0 MPH)
|
|
Pinch Hitting: LHB Miguel Torres
|
0-0: SINGLE (Line Drive, 56, EV 99.4 MPH)
|
|
Batting: RHB Carlos Martinez
|
0-0: Swinging Strike 0-1: Called Strike 0-2: Strikes out swinging
|
|
Batting: RHB Mario Ramos
|
0-0: Ground out 1-3 (Groundball, 13S, EV 68.1 MPH)
|
| Top of the 8th over - 0 runs, 1 hit, 0 errors, 1 left on base; Vermont 1 - Hudson Valley 1 |
| BOTTOM OF THE 8TH |
|
Hudson Valley Renegades batting - Pitching for Vermont Lake Monsters : LHP Craig Poor
|
|
Pitching: RHP Ben Jennings
|
|
|
Now at SS: Mario Ramos
|
|
|
Now in LF: Miguel Torres
|
|
|
Pinch Hitting: LHB Tony Zizumbo
|
0-0: Ball 1-0: Ball 2-0: Ball 3-0: Called Strike 3-1: Foul Ball, location: 2F 3-2: Base on Balls
|
|
Pinch Hitting: LHB Josh Redfern
|
0-0: Called Strike 0-1: Ball Tony Zizumbo steals 2nd base 1-1: Foul Ball, location: 2F 1-2: Strikes out swinging
|
|
Batting: RHB Wil Urban
|
0-0: Called Strike 0-1: Swinging Strike 0-2: Ball 1-2: Ball 2-2: Foul Ball, location: 2F 2-2: Strikes out looking
|
|
Batting: RHB Nelle Lommen
|
0-0: Intentional Walk
|
|
Batting: RHB Evan Chalarian
|
0-0: Foul Ball, location: 2F 0-1: Ball 1-1: SINGLE (Groundball, 4D, EV 96.9 MPH) Tony Zizumbo to third Nelle Lommen to second Runner from 3rd tries for Home, SAFE, throw by RF to home
|
|
Batting: SHB Josif Popovski
|
0-0: Swinging Strike 0-1: Ball 1-1: Swinging Strike 1-2: Strikes out swinging
|
| Bottom of the 8th over - 1 run, 1 hit, 0 errors, 2 left on base; Vermont 1 - Hudson Valley 2 |
| TOP OF THE 9TH |
|
Vermont Lake Monsters batting - Pitching for Hudson Valley Renegades : RHP Juan Estrella
|
|
Pitching: RHP Melvin Pena
|
|
|
Now at 2B: Tony Zizumbo
|
|
|
Now at 3B: Evan Chalarian
|
|
|
Now in LF: Eddie Zamora
|
|
|
Now in CF: Eric Narrow
|
|
|
Now in RF: Josh Redfern
|
|
|
Batting: RHB Edgar Landim
|
0-0: Swinging Strike 0-1: Foul Ball, location: 2F 0-2: Ball 1-2: SINGLE (Groundball, 4MD, EV 96.9 MPH)
|
|
Batting: RHB Manny Vizzerra
|
0-0: Called Strike 0-1: Ball 1-1: Foul Ball, location: 2F 1-2: Foul Ball, location: 2F 1-2: Strikes out looking
|
|
Batting: RHB Bastiaan Leenders
|
0-0: Called Strike 0-1: Foul Ball, location: 2F 0-2: Foul Ball, location: 2F 0-2: Foul Ball, location: 2F 0-2: Hit by Pitch Edgar Landim to second
|
|
Batting: RHB Fathi Addae
|
0-0: Called Strike 0-1: Ground out U3 (Groundball, 3S, EV 67.5 MPH) Edgar Landim to third Bastiaan Leenders to second
|
|
Batting: RHB D.J. Torres
|
0-0: Swinging Strike 0-1: SINGLE (Groundball, 4MD, EV 101.9 MPH) Edgar Landim scores Bastiaan Leenders to third Runner from 3rd tries for Home, SAFE, throw by CF to home
|
|
Batting: LHB Mario Cardona
|
0-0: Swinging Strike 0-1: Fielders Choice at 2nd, 6-4 (Groundball, 56, EV 88.8 MPH)
|
| Top of the 9th over - 2 runs, 2 hits, 0 errors, 1 left on base; Vermont 3 - Hudson Valley 2 |
| BOTTOM OF THE 9TH |
|
Hudson Valley Renegades batting - Pitching for Vermont Lake Monsters : RHP Ben Jennings
|
|
Pitching: RHP Jake Gregor
|
|
|
Batting: RHB Eddie Zamora
|
0-0: Called Strike 0-1: Ball 1-1: Ball 2-1: Called Strike 2-2: SINGLE (Line Drive, 5D, EV 100.0 MPH)
|
|
Batting: RHB Eric Narrow
|
0-0: Sac Bunt to 2L - play at first, batter OUT! 2-3 Eddie Zamora to second
|
|
Batting: RHB Azedine Kirui
|
0-0: Foul Ball, location: 2F 0-1: Ball 1-1: Swinging Strike 1-2: Strikes out swinging
|
|
Batting: LHB Tony Zizumbo
|
0-0: Called Strike 0-1: Ball 1-1: Ground out 5-3 (Groundball, 56, EV 86.2 MPH)
|
| Bottom of the 9th over - 0 runs, 1 hit, 0 errors, 1 left on base; Vermont 3 - Hudson Valley 2 |
|